Map: Deathaura LE

Players

qqq

  • Race: Zerg Zerg
  • League: Platinum
  • Spawn Location: 11:00

Massa - Winner!

  • Race: Terran Terran
  • League: Platinum
  • Spawn Location: 5:00

VOD

Have the link to the VOD?

Description

Time

  • Played on: Jan. 2, 2021, 5:51 a.m.
  • Length: 13:49
Show
View Real Time Build Order
Export as new Build Order

qqq Zerg 

Build Orders: Hatch First, Muta Ling Bane 

Get SALT Encoding   

  12  0:01  Drone  
  13  0:08  Drone  
  14  0:17  Overlord  
  14  0:42  Hatchery  
  13  0:47  Drone  
  13  0:49  Drone  
  15  0:52  Drone  
  16  1:00  Drone  
  17  1:15  Spawning Pool  
  17  1:17  Extractor  
  17  1:18  Drone  
  16  1:24  Drone  
  17  1:34  Drone  
  18  1:40  Extractor  
  18  1:41  Drone  
  18  1:57  Drone  
  18  2:01  Hatchery, Drone  
  18  2:06  Drone  
  20  2:10  Drone  
  21  2:16  Drone  
  21  2:19  Drone  
  23  2:26  Drone  
  23  2:28  Drone  
  25  2:37  Lair  
  25  2:40  Drone  
  26  2:46  Overlord  
  26  2:48  Drone  
  27  2:54  Drone  
  28  2:58  Overlord  
  28  3:04  Drone  
  29  3:10  Overlord  
  29  3:11  Drone  
  30  3:15  Drone, Extractor x2  
  29  3:34  Spire  
  29  3:37  Drone x2, Infestation Pit  
  29  3:39  Drone x2  
  29  3:40  Drone  
  32  3:41  Drone  
  33  3:48  Drone x2  
  33  3:53  Overlord  
  35  4:00  Overlord  
  35  4:02  Drone  
  36  4:05  Drone  
  37  4:14  Hive  
  37  4:16  Drone  
  38  4:18  Drone  
  38  4:20  Drone  
  40  4:32  Drone x3  
  44  4:38  Drone  
  44  4:39  Queen  
  44  4:41  Queen  
  48  4:46  Mutalisk  
  48  4:48  Mutalisk  
  48  4:51  Mutalisk  
  54  4:53  Drone  
  54  4:56  Drone  
  54  4:57  Drone  
  57  5:02  Extractor, Drone x2  
  57  5:03  Extractor  
  57  5:04  Mutalisk  
  59  5:09  Drone  
  59  5:10  Mutalisk  
  62  5:15  Drone  
  62  5:20  Drone  
  64  5:21  Mutalisk  
  64  5:27  Viper  
  69  5:29  Viper  
  69  5:35  Overlord  
  72  5:37  Drone  
  73  5:47  Drone, Overlord  
  74  5:52  Overlord x2  
  74  5:56  Hatchery  
  73  6:03  Drone  
  74  6:04  Queen  
  74  6:05  Overlord  
  74  6:08  Pneumatized Carapace  
  76  6:12  Overseer  
  76  6:13  Overseer x2  
  76  6:14  Drone x3  
  76  6:15  Drone x3  
  76  6:16  Viper  
  85  6:19  Mutalisk  
  85  6:24  Viper  
  90  6:26  Mutalisk  
  92  6:38  Mutalisk x3  
  98  6:41  Mutalisk  
  100  6:51  Drone x2  
  100  6:52  Mutalisk  
  104  7:26  Mutalisk x3  
  104  7:28  Mutalisk  
  104  7:29  Overlord x6  
  112  7:30  Overlord  
  107  8:16  Mutalisk x2  
  107  8:17  Mutalisk  
  107  8:18  Viper x2  
  107  8:19  Viper  
  122  8:24  Viper  
  122  8:26  Mutalisk  
  127  8:28  Drone  
  127  8:29  Queen  
  127  8:31  Overlord x2  
  130  8:41  Baneling Nest  
  129  8:51  Viper  
  129  8:52  Viper  
  135  9:05  Extractor  
  135  9:08  Extractor  
  133  9:27  Overseer  
  133  9:34  Mutalisk x5  
  133  9:35  Zergling x2  
  133  9:36  Zergling x6  
  144  9:57  Centrifical Hooks  
  144  9:58  Metabolic Boost  
  144  10:00  Zergling x6  
  144  10:01  Zergling x8  
  151  10:10  Zergling x4  
  151  10:11  Zergling x22  
  164  10:22  Viper x2  
  164  10:24  Mutalisk  
  172  10:28  Baneling  
  172  10:29  Baneling x2  
  172  10:31  Baneling  
  172  10:32  Baneling  
  172  10:33  Baneling  
  172  10:35  Baneling  
  172  10:46  Viper  
  172  10:51  Mutalisk  
  172  10:54  Drone x3  
  172  10:55  Zergling x6  
  180  11:12  Corruptor x2  
  180  11:15  Overlord x4  
  180  11:16  Overlord x6  
  180  11:17  Adrenal Glands  
  184  11:24  Baneling x3  
  184  11:25  Baneling x15  
  184  11:26  Baneling  
  184  11:27  Baneling x2  
  184  11:29  Baneling  
  184  11:30  Baneling  
  184  11:31  Baneling  
  184  11:32  Baneling  
  184  11:33  Baneling  
  184  11:42  Viper  
  187  11:52  Viper  
  190  11:57  Zergling x4  
  190  11:58  Zergling x4  
  194  12:07  Neural Parasite  
  194  12:12  Infestor  
  196  12:23  Zergling x2  
  196  12:24  Zergling x6  
  196  12:27  Baneling x5  
  196  12:28  Baneling x8  
Show
View Real Time Build Order
Export as new Build Order

Massa Terran - Winner!

Build Orders:  

Get SALT Encoding   

  12  0:00  SCV  
  13  0:12  SCV  
  14  0:19  Supply Depot  
  14  0:25  SCV  
  15  0:41  SCV  
  15  0:42  Barracks  
  16  0:53  SCV  
  17  1:11  Command Center  
  17  1:15  SCV  
  18  1:21  Refinery  
  18  1:30  SCV, Supply Depot  
  19  1:39  Refinery  
  19  1:42  SCV  
  20  1:54  Orbital Command  
  20  2:05  Barracks Tech Lab  
  20  2:13  Engineering Bay  
  20  2:24  SCV, Factory  
  20  2:27  SCV  
  22  2:36  SCV  
  23  2:41  Orbital Command  
  23  2:48  SCV  
  24  2:52  Barracks  
  24  2:55  Marine  
  25  3:01  SCV  
  26  3:11  Starport, Factory Tech Lab  
  26  3:13  SCV, Marine  
  26  3:17  SCV  
  29  3:25  SCV  
  30  3:29  SCV  
  30  3:31  Marine  
  32  3:36  Armory  
  32  3:37  SCV  
  33  3:43  Barracks Reactor  
  33  3:45  Barracks, Stimpack  
  33  3:47  SCV  
  34  3:51  Medivac  
  36  3:58  Refinery, SCV  
  36  4:00  Refinery  
  37  4:03  Supply Depot  
  37  4:04  SCV  
  37  4:05  Marine  
  39  4:20  Marine  
  39  4:21  Barracks, Marine  
  39  4:24  Medivac  
  43  4:31  SCV x2  
  45  4:43  SCV x2  
  47  4:47  Command Center  
  47  4:55  SCV  
  47  4:56  SCV, Ghost Academy  
  47  4:58  Marine  
  50  5:00  Marine  
  50  5:02  Barracks Reactor  
  51  5:07  Marine  
  51  5:08  SCV x2  
  51  5:10  Barracks Tech Lab  
  51  5:13  Supply Depot  
  54  5:16  Supply Depot  
  54  5:19  Supply Depot  
  54  5:22  Supply Depot  
  54  5:31  Combat Shield  
  54  5:34  Marine x2, Medivac  
  54  5:35  SCV x2, Marine  
  61  5:39  Marine  
  61  5:40  Marine  
  61  5:41  Marine  
  64  5:47  SCV x2  
  64  5:49  Personal Cloaking  
  66  5:53  Marine x3  
  69  5:57  Marine x2  
  69  5:58  Concussive Shells  
  69  6:02  Orbital Command  
  69  6:03  SCV x2  
  73  6:06  Marine  
  73  6:09  Smart Servos  
  74  6:15  SCV  
  74  6:16  Thor  
  74  6:18  SCV  
  82  6:20  Medivac  
  84  6:27  Factory  
  84  6:29  Marine  
  84  6:30  Marine x4  
  84  6:31  Marine  
  90  6:35  SCV  
  90  6:36  SCV x2  
  93  6:48  SCV, Marine x3  
  93  6:49  Marine  
  93  6:51  Missile Turret  
  98  7:03  Supply Depot  
  98  7:06  Supply Depot  
  98  7:08  Supply Depot  
  98  7:10  Supply Depot  
  98  7:11  Missile Turret  
  98  7:13  Supply Depot  
  98  7:16  Supply Depot  
  98  7:17  Supply Depot  
  98  7:20  Marine x3, Supply Depot  
  101  7:24  Starport Reactor  
  101  7:25  Factory Tech Lab, Marine x2, Thor  
  101  7:27  Marine  
  110  7:30  Missile Turret  
  110  7:31  Starport  
  110  7:50  Missile Turret  
  110  8:01  Marine  
  110  8:02  Marine x5  
  110  8:13  SCV x3  
  110  8:18  Thor x2  
  110  8:19  Marine x3  
  123  8:20  Starport Tech Lab, Marine x3  
  123  8:21  Medivac  
  123  8:22  Medivac  
  123  8:25  SCV x3  
  135  8:36  Enhanced Shockwaves  
  135  8:37  SCV x3, Ghost x2, Marine x3  
  135  8:39  Marine  
  146  8:49  SCV x3  
  146  8:55  Marine x3  
  150  8:57  Marine, Command Center  
  150  9:01  SCV, Thor  
  160  9:05  Corvid Reactor  
  160  9:06  Marine x2  
  162  9:12  Marine  
  162  9:16  Supply Depot  
  163  9:18  Supply Depot  
  163  9:21  Supply Depot  
  163  9:22  Supply Depot  
  163  9:26  Refinery x2  
  163  9:29  SCV x2  
  165  9:38  SCV, Marine, Thor  
  172  9:39  Marine x5  
  172  9:40  Supply Depot x2  
  172  9:41  SCV x2  
  172  9:44  Supply Depot  
  180  9:46  Supply Depot  
  180  9:50  SCV  
  180  9:51  Thor  
  187  9:56  Drilling Claws, Marine  
  187  9:57  Marine  
  189  10:03  Supply Depot  
  189  10:05  Supply Depot  
  189  10:09  Supply Depot  
  189  10:10  Orbital Command  
  189  10:17  Factory  
  189  10:18  Factory x2  
  189  10:19  Marine  
  189  10:20  Marine, Thor  
  197  10:46  Refinery  
  197  10:47  Refinery  
  197  10:50  Nuke  
  197  11:01  Factory Reactor x2  
  197  11:03  Factory Tech Lab  
  197  11:07  Mag-Field Accelerator  
  197  11:12  Cloaking Field  
  197  11:14  Infernal Pre-Igniter  
  197  11:25  Ghost Academy  
  197  11:28  Ghost, Ghost Academy  
  199  11:58  Ghost Academy  
  199  12:00  Ghost Academy  
  199  12:06  Command Center  
  199  12:13  Command Center  
  199  12:16  Command Center  
  199  12:19  Nuke x2  
  199  12:29  Command Center  
  199  12:57  Nuke x2  
Tags
 
Composition
Muta Ling Bane
Matchup
TvZ
Replay Pack
Multiplayer
Spawn Locations
Cross Positions
Add a new tag
Caveats
  • Supply blocks, unpowered buildings, or Contaminate may cause inaccurate times.
  • Supply counts are checked every 10 seconds.